 Seeded DCSS version 0.30.1-4-g462c640d31 (webtiles) character file.

Game seed: 15660985446129201502 (custom seed)

1073 AccursedSamuel the Carver (level 8, -5/44 (48) HPs)
             Began as a Tengu Monk on Sept 13, 2023.
             Slain by a wight
             ... wielding a +3 war axe
              (7 damage)
             ... on level 6 of the Dungeon.
             The game lasted 00:16:59 (4606 turns).

AccursedSamuel the Carver (Tengu Monk)              Turns: 4606, Time: 00:16:59

HP:   -5/44 (48)    AC: 18    Str: 12    XL:     8   Next: 29%
MP:   9/9           EV:  9    Int: 14    God:
Gold: 238           SH:  0    Dex: 19    Spells: 7/7 levels left

rFire   . . .        e - +9 triple sword of Drought {flame, rN+ rCorr Int+4}
rCold   + . .        (shield currently unavailable)
rNeg    + . .        k - +3 chain mail {rC+}
rPois   .            (helmet restricted)
rElec   .            q - +2 cloak
rCorr   +            (no gloves)
SInv    .            (boots unavailable)
Will    .....        (no amulet) Stlth
                     o - +4 ring of protection
HPRegen 0.27/turn    (no ring)
MPRegen 0.11/turn

%: no passive effects
@: brilliant, flying quickly and evasively, drained, quick
A: beak, talons 3, nimble flight
a: no special abilities


You were on level 6 of the Dungeon.
You visited 1 branch of the dungeon, and saw 6 of its levels.

You collected 238 gold pieces.

Inventory:

Hand Weapons
 e - the +9 triple sword of Drought (weapon) {flame, rN+ rCorr Int+4}
   (You acquired it on level 1 of the Dungeon)

   Int:       It affects your intelligence (+4).
   rN:        It protects you from negative energy.
   rCorr:     It protects you from acid and corrosion.
 p - a +3 quarterstaff of chaos
Armour
 d - an orb of light
 k - a +3 chain mail of cold resistance (worn)
 q - a +2 cloak (worn)
Jewellery
 o - a +4 ring of protection (left hand)
Scrolls
 a - 3 scrolls of identify
 f - a scroll of blinking
 l - 6 scrolls of teleportation
Potions
 g - a potion of lignification
 i - a potion of haste
 n - a potion of magic


   Skills:
 + Level 4.7 Fighting
 + Level 8.3 Long Blades
 + Level 5.0 Dodging
 + Level 3.9 Stealth


You had 7 spell levels left.
You didn't know any spells.
Your spell library contained the following spells:

 Spells                   Type           Power      Damage    Failure   Level
 Cigotuvi's Dreadful Rot  Necr/Pois/Air  0%         N/A       100%        2
 Lesser Beckoning         Tloc           0%         N/A       100%        2
 Gell's Gravitas          Tloc           0%         N/A       100%        3
 Ignite Poison            Fire/Tmut/Pois 0%         N/A       100%        3
 Teleport Other           Tloc           0%         N/A       100%        3
 Dispel Undead            Necr           0%         3d6       100%        4
 Sticky Flame             Conj/Fire      0%         2d3       100%        4
 Death Channel            Necr           0%         N/A       100%        6
 Ignition                 Fire           0%         3d3       100%        8


Dungeon Overview and Level Annotations

Branches:
Dungeon (6/15)
 Temple: D:4-7

Altars:
Elyvilon
Ru
Wu Jian


Innate Abilities, Weirdness & Mutations

You have a beak for a mouth.
You have claws for feet.
Your magical nature lets you fly swiftly and evasively.


Message History

An ogre comes into view. It is wielding a +0 giant club.
The ogre shouts!
The shadow imp lashes its tail.
The shadow imp barely misses you. The wight hits you with a +3 war axe.
The wight barely misses you.
You barely miss the wight. The shadow imp hits you.
The wight hits you with a +3 war axe! The wight closely misses you.
The ogre barely misses you.
The shadow imp hits you but does no damage.
The wight hits you with a +3 war axe! You partially resist.
You feel drained. The wight hits you with a +3 falchion. You partially resist.
You feel drained.
You hit the wight. You burn the wight. You claw the wight, but do no damage.
The wight is moderately damaged.
The ogre hits you but does no damage.
The shadow imp hits you but does no damage.
The wight hits you with a +3 falchion!
* * * LOW HITPOINT WARNING * * *
The wight hits you with a +3 war axe!
* * * LOW HITPOINT WARNING * * *
You are confused.
You feel invigorated. The ogre misses you.
The shadow imp hits you but does no damage.
The wight hits you but does no damage. x2
You slice the shadow imp!! You burn the shadow imp.
You kill the shadow imp!
The wight hits you with a +3 war axe.
* * * LOW HITPOINT WARNING * * *
You partially resist.
You feel drained. The wight hits you with a +3 falchion.
* * * LOW HITPOINT WARNING * * *
You partially resist.
You feel drained. The ogre barely misses you.
You are too confused!
You bump into the rock wall.
You feel less invigorated.
You feel less confused.
The wight hits you but does no damage. x2
You slash the wight! You burn the wight. You peck the wight, but do no damage.
The wight is severely damaged.
The wight misses you. The ogre hits you with a +0 giant club!
* * * LOW HITPOINT WARNING * * *
The wight hits you with a +3 war axe!
You die...

.....####
##.......#
.........#
#.......#
#[......#
#.......# .$.
#.......# ... .
#.......# .... ..
#.<...z@# .....
...#.....zO##.....
..................
............#####.
#.....#.......#
###......$....#
.#..#≈≈.....≈≈≈#
.##..#≈...≈≈..≈..≈
## #......≈≈.....


You could see an ogre and 2 wights.

Vanquished Creatures
  Sigmund (D:4)
  Edmund (D:5)
  An ogre (D:5)
  2 scorpions
  2 hounds
  3 quasits (D:5)
  Crazy Yiuf (D:2)
  3 orc priests
  3 iguanas
  Jessica (D:2)
  Ijyb (D:4)
  3 adders
  4 shadow imps
  2 white imps (D:5)
  5 ufetubi
  A worm (D:4)
  4 dart slugs
  10 orcs
  8 endoplasms
  2 giant cockroaches (D:2)
  7 goblins
  7 hobgoblins
  4 kobolds
  5 quokkas
  5 ball pythons
  2 bats
  4 frilled lizards (D:2)
  7 rats
  A spectral kobold (D:2)
100 creatures vanquished.

Notes
Turn   | Place    | Note
-------+----------+-------------------------------------------
     0 | D:1      | AccursedSamuel the Tengu Monk began the quest for the Orb.
     0 | D:1      | Reached XP level 1. HP: 14/14 MP: 2/2
    71 | D:1      | Reached XP level 2. HP: 19/19 MP: 3/3
   142 | D:1      | Identified a scroll of acquirement
   142 | D:1      | Acquired the +9 triple sword of Drought {flame, rN+ rCorr
                  | Int+4}
   381 | D:2      | Reached XP level 3. HP: 8/23 MP: 4/4
   471 | D:2      | Found a faded altar of an unknown god.
   777 | D:2      | Noticed Jessica
   780 | D:2      | Killed Jessica
   781 | D:2      | Reached skill level 4 in Long Blades
   781 | D:2      | Reached XP level 4. HP: 29/29 MP: 5/5
   973 | D:2      | Found a runed translucent door.
   974 | D:2      | Noticed Crazy Yiuf
   981 | D:2      | Killed Crazy Yiuf
  1385 | D:3      | Reached skill level 5 in Long Blades
  1385 | D:3      | Gained mutation: Your magical nature lets you fly swiftly
                  | and evasively. [Tengu growth]
  1385 | D:3      | Reached XP level 5. HP: 24/33 MP: 6/6
  1391 | D:3      | Reached skill level 1 in Stealth
  1607 | D:3      | Found an ornate altar of the Wu Jian Council.
  2021 | D:4      | Reached XP level 6. HP: 38/38 MP: 7/7
  2042 | D:4      | Noticed Sigmund
  2044 | D:4      | Noticed Ijyb
  2054 | D:4      | Killed Ijyb
  2057 | D:4      | Killed Sigmund
  2058 | D:4      | Reached skill level 6 in Long Blades
  2058 | D:4      | Reached XP level 7. HP: 15/43 MP: 8/8
  3176 | D:5      | Entered Level 5 of the Dungeon
  3326 | D:5      | Reached skill level 7 in Long Blades
  3355 | D:5      | Found a sacrificial altar of Ru.
  3479 | D:5      | Noticed Edmund
  3485 | D:5      | Killed Edmund
  3680 | D:5      | Reached XP level 8. HP: 48/48 MP: 9/9
  3871 | D:5      | Reached skill level 8 in Long Blades
  3874 | D:5      | Reached skill level 5 in Dodging
  3977 | D:5      | Found a white marble altar of Elyvilon.
  4606 | D:6      | HP: 2/44 [ogre/+0 giant club (13)]
  4606 | D:6      | Slain by a wight

Illustrated notes

Levels and vault maps discovered:
D:1:      minmay_arrival_pointy, layout_loops_ring, minmay_gold_behind_fungi
D:2:      layout_basic, dreamdust_ecumenical_altar_drowned_temple,
          hangedman_decor_clover_reticule, fountainhead,
          uniq_crazy_yiuf_cottage, uniq_jessica
D:3:      layout_loops_ring, general_overflow_altar, serial_bayou_pond_d
D:4:      layout_basic, nicolae_eternal_life, uniq_ijyb, uniq_sigmund
D:5:      layout_layer_cave, mainiacjoe_overflow_small_starburst,
          elyvilon_altar_1, serial_demonic, serial_demonic_e, serial_demonic_b,
          serial_demonic_e, serial_demonic_a, serial_demonic_e,
          serial_demonic_e, serial_demonic_g, serial_demonic_a,
          serial_demonic_d, serial_demonic_g, uniq_edmund
D:6:      layout_basic, nicolae_uskayaw_suspiria, ebering_ghost_rock_garden,
          minivault_22, uniq_menkaure

Skill      XL: |  1  2  3  4  5  6  7  8 |
---------------+-------------------------+-----
Long Blades    | 4 5 6 7 8 |  8.3
Dodging        | 4 5 |  5.0
Stealth        | 1 2 3 |  3.9
Fighting       | 4 |  4.7

Action                     |  1- 3 |  4- 6 |  7- 9 || total
---------------------------+-------+-------+-------++-------
  Melee: Falchion          |    14 |       |       ||    14
         Kick              |     6 |     4 |    13 ||    23
         Peck              |     6 |     4 |     6 ||    16
         Triple sword      |    31 |    36 |    75 ||   142
    Use: Scroll            |     1 |     5 |     3 ||     9
         Potion            |       |     5 |     4 ||     9
   Stab: Sleeping          |     1 |     3 |    10 ||    14
 Armour: Robe              |    14 |    12 |    30 ||    56
         Chain mail        |       |       |     8 ||     8
  Dodge: Dodged            |    58 |    40 |    83 ||   181
